 Dungeon Crawl Stone Soup version 0.22.0-49-gab54619 (webtiles) character file.

2754 shmeve the Blocker (level 9, -13/57 HPs)
             Began as a Gargoyle Berserker on Sept 8, 2018.
             Was an Elder of Trog.
             Mangled by Gastronok (19 damage)
             ... on level 8 of the Dungeon.
             The game lasted 00:13:46 (6291 turns).

shmeve the Blocker (Gargoyle Berserker)             Turns: 6291, Time: 00:13:46

Health: -13/57     AC: 21    Str: 29    XL:     9   Next: 68%
Magic:  9/9        EV:  8    Int:  8    God:    Trog [****..]
Gold:   390        SH: 12    Dex: 13    Spells: 8/8 levels left

rFire    . . .     SeeInvis .   a - +0 hand axe
rCold    . . .     Gourm    .   y - +0 shield
rNeg     + + .     Faith    .   i - +0 plate armour
rPois    ∞         Spirit   .   e - +0 hat
rElec    +         Reflect  .   b - +0 cloak
rCorr    .         Harm     .   (no gloves)
MR       .....                  E - +0 pair of boots
Stlth    ..........             (no amulet)
HPRegen  0.19/turn              q - ring of positive energy
MPRegen  0.11/turn              m - ring "Jonecs" {Wiz +Inv rElec Dex+4}

@: mighty, berserk cooldown, starving, slowed, very slow
A: negative energy resistance 1, electricity resistance, unbreathing,
petrification resistance, rot immunity, AC +6
a: Berserk, Trog's Hand, Brothers in Arms, Renounce Religion, Evoke Invisibility


You were on level 8 of the Dungeon.
You worshipped Trog.
Trog was greatly pleased with you.
You were starving.

You visited 1 branch of the dungeon, and saw 8 of its levels.

You collected 390 gold pieces.

Inventory:

Hand Weapons
 a - a +0 hand axe (weapon)
Missiles
 H - a throwing net (quivered)
Armour
 b - a +0 cloak (worn)
 e - a +0 hat (worn)
 i - a +0 plate armour (worn)
 y - a +0 shield (worn)
 E - a +0 pair of boots (worn)
Jewellery
 m - the ring "Jonecs" (right hand) {Wiz +Inv rElec Dex+4}
   (You found it on level 4 of the Dungeon)

   [ring of wizardry]

   It improves your spell success rate.
   It affects your dexterity (+4).
   It insulates you from electricity.
   It lets you turn invisible.
 q - a ring of positive energy (left hand)
Scrolls
 f - 5 scrolls of identify
 g - 6 scrolls of amnesia {unknown}
 h - 2 scrolls of fog {unknown}
 k - 5 scrolls of immolation
 n - a scroll of magic mapping {unknown}
 p - 3 scrolls of teleportation {unknown}
 t - a scroll of enchant weapon {unknown}
 u - a scroll of blinking {unknown}
 v - 3 scrolls of remove curse {unknown}
 A - a scroll of enchant armour {unknown}
 C - a scroll of holy word {unknown}
Potions
 d - 4 potions of heal wounds {unknown}
 j - 3 potions of invisibility {unknown}
 l - a potion of berserk rage {unknown}
 o - a potion of agility {unknown}
 r - 4 potions of curing {unknown}
 s - 2 potions of might
 w - 2 potions of degeneration {unknown}
 x - 2 potions of flight {unknown}
 z - a potion of resistance {unknown}
 B - a potion of cancellation {unknown}
 F - a potion of brilliance {unknown}
 G - a potion of haste {unknown}
Comestibles
 c - 15 rations
 D - a chunk of flesh


   Skills:
 * Level 7.0 Fighting
 * Level 5.9 Axes
 + Level 3.3 Throwing
 + Level 4.8 Armour
 + Level 3.6 Dodging
 * Level 8.1 Shields


You had 8 spell levels left.
You didn't know any spells.
Your spell library was empty.

Dungeon Overview and Level Annotations

Branches:
Dungeon (8/15)             Temple (0/1) D:6
   Lair: D:8-11

Altars:
Ashenzari
Dithmenos
Elyvilon
Kikubaaqudgha
Ru
Sif Muna
Xom
Zin
The Shining One

Shops:
D:5 *

Annotations:
D:8 Gastronok


Innate Abilities, Weirdness & Mutations

You are resistant to torment.
Your stone body is resilient. (AC +6)
You are immune to poison.
You resist negative energy. (rN+)
You are resistant to electric shocks. (rElec)
You can survive without breathing.
You are immune to petrification.
You are immune to rotting.


Message History

You slash Gastronok!
Gastronok is moderately wounded.
You barely miss the centaur. You block the centaur's attack.
The centaur closely misses you. You block Gastronok's attack.
The centaur hits you but does no damage.
Unknown command.
You slash Gastronok!
Gastronok is moderately wounded.
Your plate armour prevents you from hitting the centaur.
You block the centaur's attack.
The centaur hits you but does no damage.
Gastronok bites you!
* * * LOW HITPOINT WARNING * * *
You hit Gastronok.
Gastronok is heavily wounded.
You hit the centaur.
Your skin stops crawling.
You feel less resistant to hostile enchantments.
You block the centaur's attack. x2; Gastronok bites you!!
You die...

## . ##. #.# ..#
#### ###.##....
#<)....#
###))))..###.
#...)@.......
.......wc.......
####.#.......###
#...##.##..#
#.... #.# ..#
#..... ... ...
#..... ### .%.
... ...


You could see Gastronok and a centaur.

Vanquished Creatures
  The ghost of weregild the Spear-Bearer, a novice DsGl of Kikubaaqudgha (D:7)
  Grinder (D:3)
  2 orc warriors
  An ogre (D:5)
  2 ice beasts
  2 black bears
  A phantom (D:7)
  A sky beast (D:6)
  A big kobold (D:7)
  A bullfrog (D:6)
  A gnoll sergeant (D:6)
  4 howler monkeys
  5 wights (D:8)
  A crimson imp (D:5)
  2 bullfrog zombies (D:5)
  2 orc priests
  4 orc wizards (D:7)
  5 hounds
  2 bullfrog skeletons
  Terence (D:2)
  2 worker ants
  A hound skeleton (D:5)
  5 gnolls (D:6)
  11 adders
  An adder zombie (D:7)
  5 worms
  11 leopard geckos
  16 orcs
  2 ball pythons
  3 bats
  9 giant cockroaches
  3 goblins
  4 hobgoblins
  10 jackals
  9 kobolds
  4 quokkas
  3 frilled lizards
  A jackal zombie (D:6)
  A leopard gecko zombie (D:7)
  A quokka zombie (D:6)
142 creatures vanquished.

Notes
Turn   | Place    | Note
-------+----------+-------------------------------------------
     0 | D:1      | shmeve the Gargoyle Berserker began the quest for the Orb.
     0 | D:1      | Reached XP level 1. HP: 14/14 MP: 1/1
   202 | D:1      | Reached XP level 2. HP: 12/19 MP: 2/2
  1011 | D:2      | Reached XP level 3. HP: 21/24 MP: 3/3
  1229 | D:2      | Found a glowing golden altar of the Shining One.
  1247 | D:2      | Reached XP level 4. HP: 19/29 MP: 4/4
  1540 | D:2      | Noticed Terence
  1571 | D:2      | Killed Terence
  1571 | D:2      | Reached skill level 1 in Throwing
  2104 | D:3      | Reached ** piety under Trog
  2183 | D:3      | Reached XP level 5. HP: 30/33 MP: 5/5
  2265 | D:3      | Found a deep blue altar of Sif Muna.
  2431 | D:3      | Found a white marble altar of Elyvilon.
  2511 | D:3      | Noticed Grinder
  2524 | D:3      | Killed Grinder
  2524 | D:3      | Reached XP level 6. HP: 40/40 MP: 6/6
  2913 | D:4      | Got a vibrating bronze ring
  2925 | D:4      | Identified the ring "Jonecs" {Wiz +Inv rElec Dex+4} (You
                  | found it on level 4 of the Dungeon)
  3087 | D:5      | Entered Level 5 of the Dungeon
  3115 | D:5      | Reached skill level 5 in Fighting
  3353 | D:5      | Reached XP level 7. HP: 44/44 MP: 7/7
  3455 | D:5      | Reached skill level 2 in Shields
  3647 | D:5      | Found a shattered altar of Ashenzari.
  3700 | D:5      | Found a sacrificial altar of Ru.
  3764 | D:5      | Found Vawkelow's General Store.
  3909 | D:5      | Found a glowing silver altar of Zin.
  3912 | D:5      | Noticed an angel
  3915 | D:5      | Found a shimmering altar of Xom.
  3972 | D:5      | Reached skill level 3 in Shields
  4043 | D:6      | Reached skill level 4 in Shields
  4134 | D:6      | Reached XP level 8. HP: 50/50 MP: 8/8
  4208 | D:6      | Reached skill level 5 in Shields
  4273 | D:6      | Reached *** piety under Trog
  4294 | D:6      | Reached skill level 6 in Shields
  4395 | D:6      | Found a staircase to the Ecumenical Temple.
  4842 | D:6      | Reached skill level 7 in Shields
  5441 | D:7      | Reached skill level 5 in Axes
  5475 | D:7      | Reached XP level 9. HP: 44/55 MP: 9/9
  5686 | D:7      | Found a shadowy altar of Dithmenos.
  5765 | D:7      | Reached **** piety under Trog
  5886 | D:7      | Found an ancient bone altar of Kikubaaqudgha.
  6041 | D:7      | Found a runed gate.
  6041 | D:7      | Found a runed gate.
  6041 | D:7      | Found a runed gate.
  6042 | D:7      | Noticed weregild's ghost (novice DsGl)
  6063 | D:7      | Killed weregild's ghost
  6129 | D:7      | Found a shimmering altar of Xom.
  6264 | D:8      | Noticed Gastronok
  6274 | D:8      | Reached skill level 8 in Shields
  6291 | D:8      | Mangled by Gastronok

Skill      XL: |  1  2  3  4  5  6  7  8  9 |
---------------+----------------------------+-----
Axes           | 3 4 5 |  5.9
Fighting       | 4 5 6 7 |  7.0
Throwing       | 1 2 3 |  3.3
Dodging        | 2 3 |  3.6
Armour         | 3 4 |  4.8
Shields        | 4 7 8 |  8.1

Action                   |  1- 3 |  4- 6 |  7- 9 || total
-------------------------+-------+-------+-------++-------
Melee: Hand axe          |   116 |   172 |   526 ||   814
Throw: Throwing net      |       |       |     1 ||     1
Invok: Berserk           |     1 |     1 |     5 ||     7
       Trog's Hand       |       |       |     3 ||     3
  Use: Scroll            |       |       |     2 ||     2
       Potion            |       |       |     1 ||     1
  Eat: Chunk             |     2 |     8 |    14 ||    24
Armor: Animal skin       |    19 |       |       ||    19
       Chain mail        |    43 |       |       ||    43
       Plate armour      |       |   132 |   341 ||   473
Dodge: Dodged            |    68 |    55 |   162 ||   285
Block: Shield            |       |       |   216 ||   216
